[ PARTIDA AOE2 · #466779972 ]
UnrankedIncas vs Huns
[ ANÁLISIS DE REPETICIÓN · EXTRAÍDO DE LA PARTIDA GRABADA ]
Feudal
9:46
Castillos
23:21
Imperial
—
| APM promedio | 44.5 |
| APM pico | 107 |
| eAPM promedio | 20.8 |
| Aldeanos / militares | 87 / 57 |
Foco
⚔️ 31.3% · 🌾 68.7%
Archer ×40 · Unknown (2550) ×27 · Petard ×7 · Battering Ram ×6 · Mangonel ×2 · Spearman ×2
Feudal
—
Castillos
—
Imperial
—
| APM promedio | 15.1 |
| APM pico | 35 |
| eAPM promedio | 11.6 |
| Aldeanos / militares | 84 / 44 |
Foco
⚔️ 25.7% · 🌾 74.3%
Archer ×39 · Unknown (2562) ×7 · Trebuchet (Packed) ×3 · Monk ×1 · Battering Ram ×1
Feudal
11:35
Castillos
—
Imperial
—
| APM promedio | 7.5 |
| APM pico | 25 |
| eAPM promedio | 5.7 |
| Aldeanos / militares | 80 / 29 |
Foco
⚔️ 32.6% · 🌾 67.4%
Archer ×16 · Militia ×7 · Spearman ×6
Feudal
10:20
Castillos
18:15
Imperial
—
| APM promedio | 22.8 |
| APM pico | 76 |
| eAPM promedio | 12.0 |
| Aldeanos / militares | 75 / 59 |
Foco
⚔️ 21.7% · 🌾 78.3%
Scorpion ×50 · Woad Raider ×8 · Monk ×1
Mapa de la partida
Recursos iniciales + cada clic de construcción. Líneas = muros · curvas = relieve. ◆ oro · ⬟ piedra · ● bayas · ✦ reliquia · ◌ hueco del cierre
Tu base· ✓ Cerrada en 23:21 · 93t muro · sin puerta
Base de ShogunPilo· Abierta — flanco sin cerrar
Base de hezarfen6453· Abierta — flanco sin cerrar
Base de DıscJokey· Abierta — hueco de 9t
Terreno inicial suavizado · ◌ = hueco del cierre detectado · pasá el cursor para detalles
Inputs por minuto
— VlaSky - - ShogunPilo
Build order — VlaSky
Primeras 150 de 271 acciones detectadas
| 0:01 | Crear | Villager (Male) |
| 0:01 | Crear | Villager (Male) |
| 0:01 | Crear | Villager (Male) |
| 0:01 | Crear | Villager (Male) |
| 0:03 | Construir | House |
| 1:19 | Crear | Villager (Male) |
| 1:19 | Crear | Villager (Male) |
| 1:52 | Crear | Villager (Male) |
| 1:53 | Crear | Villager (Male) |
| 1:53 | Crear | Villager (Male) |
| 1:55 | Construir | Settlement |
| 2:11 | Crear | Villager (Male) |
| 2:11 | Crear | Villager (Male) |
| 2:49 | Crear | Villager (Male) |
| 2:50 | Crear | Villager (Male) |
| 2:53 | Crear | Villager (Male) |
| 3:25 | Crear | Villager (Male) |
| 3:25 | Crear | Villager (Male) |
| 3:40 | Crear | Villager (Male) |
| 4:37 | Crear | Villager (Male) |
| 4:37 | Crear | Villager (Male) |
| 5:01 | Crear | Villager (Male) |
| 5:20 | Crear | Villager (Male) |
| 5:20 | Crear | Villager (Male) |
| 5:20 | Crear | Villager (Male) |
| 5:36 | Crear | Villager (Male) |
| 5:37 | Crear | Villager (Male) |
| 5:47 | Crear | Villager (Male) |
| 5:48 | Crear | Villager (Male) |
| 5:56 | Crear | Villager (Male) |
| 7:00 | Investigar | Loom |
| 7:28 | Construir | Barracks |
| 7:36 | Investigar | Feudal Age |
| 7:37 | Investigar | Feudal Age |
| 8:04 | Construir | House |
| 8:30 | Construir | Palisade Wall |
| 8:36 | Crear | Villager (Male) |
| 8:55 | Construir | Palisade Wall |
| 9:00 | Construir | House |
| 9:15 | Construir | Palisade Wall |
| 9:46 | Edad | Edad Feudal |
| 9:47 | Investigar | Double-Bit Axe |
| 9:47 | Investigar | Double-Bit Axe |
| 9:54 | Crear | Villager (Male) |
| 10:08 | Construir | Archery Range |
| 10:42 | Construir | Farm |
| 10:44 | Construir | Farm |
| 10:47 | Construir | Farm |
| 10:48 | Crear | Villager (Male) |
| 10:59 | Construir | Palisade Wall |
| 11:14 | Construir | Palisade Wall |
| 11:18 | Construir | Palisade Wall |
| 11:24 | Construir | House |
| 11:27 | Construir | Farm |
| 11:40 | Construir | Palisade Wall |
| 11:41 | Crear | Archer |
| 11:42 | Crear | Archer |
| 11:42 | Crear | Archer |
| 11:42 | Crear | Archer |
| 11:48 | Crear | Villager (Male) |
| 12:05 | Construir | Palisade Wall |
| 12:09 | Construir | Farm |
| 12:10 | Construir | Farm |
| 12:11 | Crear | Villager (Male) |
| 12:14 | Crear | Villager (Male) |
| 12:17 | Crear | Villager (Male) |
| 12:23 | Crear | Spearman |
| 12:34 | Crear | Archer |
| 12:34 | Crear | Archer |
| 12:34 | Crear | Archer |
| 12:37 | Crear | Villager (Male) |
| 12:47 | Construir | Farm |
| 12:47 | Crear | Villager (Male) |
| 12:57 | Crear | Spearman |
| 13:07 | Crear | Archer |
| 13:07 | Crear | Archer |
| 13:08 | Crear | Villager (Male) |
| 13:12 | Crear | Villager (Male) |
| 13:27 | Construir | Settlement |
| 13:39 | Construir | Palisade Wall |
| 13:53 | Crear | Villager (Male) |
| 14:10 | Crear | Archer |
| 14:10 | Crear | Archer |
| 14:10 | Crear | Archer |
| 14:25 | Construir | Blacksmith |
| 14:28 | Construir | Market |
| 14:29 | Crear | Villager (Male) |
| 14:33 | Construir | Farm |
| 14:36 | Construir | Farm |
| 14:39 | Construir | Farm |
| 14:49 | Crear | Archer |
| 14:49 | Crear | Archer |
| 14:55 | Construir | Farm |
| 15:19 | Crear | Unit 2550 |
| 15:19 | Crear | Unit 2550 |
| 15:19 | Crear | Unit 2550 |
| 15:19 | Crear | Unit 2550 |
| 15:24 | Construir | Farm |
| 15:24 | Crear | Villager (Male) |
| 15:47 | Construir | Farm |
| 16:11 | Investigar | Fletching |
| 16:11 | Investigar | Fletching |
| 16:18 | Crear | Villager (Male) |
| 16:51 | Construir | House |
| 16:56 | Crear | Villager (Male) |
| 16:58 | Crear | Villager (Male) |
| 17:03 | Investigar | Horse Collar |
| 17:08 | Construir | Settlement |
| 17:23 | Investigar | Tech 1402 |
| 17:29 | Construir | Farm |
| 17:29 | Crear | Villager (Male) |
| 17:34 | Construir | House |
| 17:45 | Crear | Villager (Male) |
| 18:04 | Crear | Villager (Male) |
| 18:39 | Construir | House |
| 18:41 | Crear | Archer |
| 18:42 | Crear | Archer |
| 18:42 | Crear | Archer |
| 18:42 | Crear | Archer |
| 18:42 | Crear | Villager (Male) |
| 18:59 | Crear | Villager (Male) |
| 19:08 | Construir | Farm |
| 19:18 | Construir | House |
| 19:49 | Investigar | Gold Mining |
| 20:01 | Construir | Farm |
| 20:06 | Crear | Archer |
| 20:06 | Crear | Archer |
| 20:16 | Crear | Villager (Male) |
| 20:31 | Investigar | Castle Age |
| 20:31 | Investigar | Castle Age |
| 20:45 | Construir | Archery Range |
| 20:59 | Crear | Archer |
| 20:59 | Crear | Archer |
| 21:00 | Crear | Archer |
| 21:00 | Crear | Archer |
| 21:12 | Crear | Villager (Male) |
| 21:16 | Investigar | Scale Mail Armor |
| 21:21 | Crear | Unit 2550 |
| 21:21 | Crear | Unit 2550 |
| 21:21 | Crear | Unit 2550 |
| 21:58 | Crear | Archer |
| 21:58 | Crear | Archer |
| 21:58 | Crear | Archer |
| 21:58 | Crear | Archer |
| 22:20 | Crear | Villager (Male) |
| 22:24 | Investigar | Stone Mining |
| 22:30 | Investigar | Padded Archer Armor |
| 23:10 | Crear | Villager (Male) |
| 23:15 | Crear | Villager (Male) |
| 23:21 | Edad | Edad de los Castillos |
Build order — ShogunPilo
Primeras 150 de 229 acciones detectadas
| 0:02 | Crear | Villager (Male) |
| 0:02 | Crear | Villager (Male) |
| 0:02 | Crear | Villager (Male) |
| 0:04 | Construir | House |
| 0:06 | Construir | House |
| 0:24 | Crear | Villager (Male) |
| 0:25 | Crear | Villager (Male) |
| 1:39 | Crear | Villager (Male) |
| 2:00 | Crear | Villager (Male) |
| 2:08 | Construir | Settlement |
| 2:28 | Crear | Villager (Male) |
| 3:02 | Crear | Villager (Male) |
| 3:02 | Crear | Villager (Male) |
| 3:24 | Crear | Villager (Male) |
| 3:48 | Crear | Villager (Male) |
| 3:48 | Crear | Villager (Male) |
| 3:58 | Construir | Settlement |
| 4:06 | Crear | Villager (Male) |
| 4:06 | Crear | Villager (Male) |
| 4:27 | Crear | Villager (Male) |
| 4:27 | Crear | Villager (Male) |
| 5:07 | Crear | Villager (Male) |
| 5:07 | Crear | Villager (Male) |
| 5:33 | Crear | Villager (Male) |
| 5:33 | Crear | Villager (Male) |
| 5:47 | Construir | Palisade Wall |
| 6:37 | Crear | Villager (Male) |
| 6:38 | Crear | Villager (Male) |
| 6:54 | Investigar | Loom |
| 7:19 | Construir | House |
| 7:23 | Crear | Villager (Male) |
| 7:23 | Crear | Villager (Male) |
| 7:58 | Crear | Villager (Male) |
| 8:23 | Crear | Villager (Male) |
| 8:42 | Construir | Barracks |
| 8:47 | Crear | Villager (Male) |
| 9:03 | Construir | Settlement |
| 9:25 | Construir | Palisade Wall |
| 9:32 | Investigar | Feudal Age |
| 10:15 | Construir | Farm |
| 10:27 | Construir | Farm |
| 10:57 | Construir | Palisade Wall |
| 11:51 | Construir | Blacksmith |
| 11:56 | Crear | Villager (Male) |
| 11:57 | Crear | Villager (Male) |
| 12:07 | Construir | Farm |
| 12:11 | Construir | Farm |
| 12:28 | Construir | Market |
| 12:32 | Construir | Settlement |
| 12:38 | Crear | Villager (Male) |
| 12:49 | Construir | Farm |
| 13:29 | Construir | Archery Range |
| 13:34 | Construir | Palisade Wall |
| 13:41 | Crear | Villager (Male) |
| 13:41 | Crear | Villager (Male) |
| 14:05 | Investigar | Castle Age |
| 14:35 | Investigar | Fletching |
| 14:51 | Crear | Archer |
| 14:51 | Crear | Archer |
| 15:19 | Construir | Settlement |
| 15:27 | Construir | Palisade Gate |
| 15:47 | Investigar | Double-Bit Axe |
| 15:52 | Construir | Farm |
| 15:52 | Construir | Farm |
| 15:52 | Construir | Farm |
| 15:54 | Construir | Farm |
| 15:58 | Construir | Farm |
| 16:14 | Construir | Farm |
| 16:21 | Crear | Archer |
| 16:21 | Crear | Archer |
| 16:32 | Crear | Villager (Male) |
| 17:17 | Construir | Settlement |
| 17:36 | Construir | Town Center |
| 17:39 | Crear | Villager (Male) |
| 17:39 | Crear | Villager (Male) |
| 17:52 | Crear | Archer |
| 17:52 | Crear | Archer |
| 17:54 | Crear | Archer |
| 18:07 | Investigar | Bow Saw |
| 18:10 | Crear | Villager (Male) |
| 18:40 | Investigar | Bodkin Arrow |
| 18:43 | Crear | Villager (Male) |
| 19:09 | Construir | Archery Range |
| 19:19 | Investigar | Wheelbarrow |
| 19:22 | Crear | Villager (Male) |
| 19:23 | Crear | Villager (Male) |
| 19:53 | Construir | Farm |
| 19:56 | Construir | Farm |
| 20:03 | Crear | Villager (Male) |
| 20:09 | Crear | Archer |
| 20:12 | Crear | Archer |
| 20:28 | Crear | Villager (Male) |
| 20:48 | Crear | Archer |
| 20:58 | Crear | Villager (Male) |
| 21:06 | Investigar | Horse Collar |
| 21:17 | Crear | Villager (Male) |
| 21:38 | Investigar | Crossbowman (upgrade) |
| 21:51 | Investigar | Town Watch |
| 21:57 | Construir | House |
| 21:59 | Construir | House |
| 21:59 | Construir | House |
| 22:01 | Construir | House |
| 22:17 | Construir | Monastery |
| 22:20 | Crear | Villager (Male) |
| 22:22 | Crear | Villager (Male) |
| 22:42 | Investigar | Padded Archer Armor |
| 22:45 | Crear | Monk |
| 23:18 | Crear | Villager (Male) |
| 23:18 | Crear | Villager (Male) |
| 23:19 | Crear | Villager (Male) |
| 23:25 | Construir | University |
| 23:59 | Crear | Villager (Male) |
| 23:59 | Crear | Villager (Male) |
| 24:44 | Construir | House |
| 24:45 | Construir | House |
| 24:47 | Construir | House |
| 25:25 | Crear | Villager (Male) |
| 25:25 | Crear | Villager (Male) |
| 25:26 | Crear | Villager (Male) |
| 25:27 | Crear | Villager (Male) |
| 25:41 | Construir | Settlement |
| 25:44 | Construir | Farm |
| 25:44 | Construir | Farm |
| 25:44 | Construir | Farm |
| 25:45 | Construir | Farm |
| 25:46 | Construir | Farm |
| 26:04 | Crear | Villager (Male) |
| 26:13 | Investigar | Leather Archer Armor |
| 26:23 | Construir | Settlement |
| 26:30 | Construir | Farm |
| 26:59 | Crear | Villager (Male) |
| 27:02 | Investigar | Hand Cart |
| 27:55 | Investigar | Thumb Ring |
| 28:17 | Crear | Archer |
| 28:17 | Crear | Archer |
| 28:17 | Crear | Archer |
| 28:17 | Crear | Archer |
| 28:18 | Crear | Archer |
| 28:19 | Crear | Archer |
| 28:19 | Crear | Archer |
| 28:23 | Crear | Villager (Male) |
| 28:24 | Crear | Villager (Male) |
| 28:29 | Crear | Villager (Male) |
| 28:29 | Crear | Villager (Male) |
| 29:07 | Investigar | Ballistics |
| 29:25 | Construir | Castle |
| 29:30 | Construir | Settlement |
| 29:36 | Crear | Archer |
| 29:36 | Crear | Archer |
| 29:37 | Crear | Archer |
Build order — hezarfen6453
89 acciones detectadas en el replay
| 0:17 | Crear | Villager (Male) ×4 |
| 0:17 | Crear | Villager (Male) ×4 |
| 0:17 | Crear | Villager (Male) ×4 |
| 1:44 | Crear | Villager (Male) |
| 1:44 | Crear | Villager (Male) |
| 1:59 | Crear | Villager (Male) |
| 1:59 | Crear | Villager (Male) |
| 2:46 | Crear | Villager (Male) |
| 2:46 | Crear | Villager (Male) |
| 3:04 | Crear | Villager (Male) |
| 3:04 | Crear | Villager (Male) |
| 3:04 | Crear | Villager (Male) |
| 3:24 | Crear | Villager (Male) |
| 3:24 | Crear | Villager (Male) |
| 4:20 | Crear | Villager (Male) |
| 5:24 | Construir | Mill |
| 5:35 | Crear | Villager (Male) ×3 |
| 5:35 | Crear | Villager (Male) ×3 |
| 6:54 | Crear | Villager (Male) |
| 6:54 | Crear | Villager (Male) |
| 7:31 | Crear | Villager (Male) |
| 8:17 | Construir | Lumber Camp |
| 9:25 | Investigar | Feudal Age |
| 10:46 | Crear | Villager (Male) ×5 |
| 10:47 | Crear | Villager (Male) ×5 |
| 10:47 | Crear | Villager (Male) |
| 10:59 | Crear | Villager (Male) |
| 10:59 | Crear | Villager (Male) |
| 10:59 | Crear | Villager (Male) |
| 11:21 | Crear | Villager (Male) |
| 11:22 | Crear | Villager (Male) |
| 11:22 | Crear | Villager (Male) |
| 11:35 | Edad | Edad Feudal |
| 11:58 | Crear | Villager (Male) ×3 |
| 11:58 | Crear | Villager (Male) ×3 |
| 12:32 | Construir | Barracks |
| 13:00 | Construir | Blacksmith |
| 13:37 | Crear | Villager (Male) |
| 13:37 | Crear | Villager (Male) |
| 13:50 | Crear | Militia |
| 13:51 | Crear | Spearman |
| 13:52 | Crear | Spearman |
| 14:48 | Crear | Villager (Male) |
| 14:49 | Crear | Villager (Male) |
| 14:49 | Crear | Villager (Male) |
| 15:00 | Crear | Spearman |
| 15:25 | Construir | Lumber Camp |
| 15:52 | Construir | Farm |
| 15:53 | Construir | Farm |
| 15:56 | Construir | Farm |
| 15:58 | Construir | Farm |
| 16:00 | Construir | Farm |
| 16:01 | Construir | Farm |
| 16:03 | Construir | Farm |
| 16:15 | Crear | Villager (Male) |
| 16:15 | Crear | Villager (Male) |
| 16:16 | Crear | Villager (Male) |
| 16:29 | Construir | Farm |
| 16:29 | Construir | Farm |
| 17:05 | Construir | Farm |
| 17:36 | Crear | Spearman |
| 17:42 | Construir | Farm |
| 18:01 | Construir | Market |
| 19:03 | Crear | Militia ×3 |
| 19:03 | Crear | Militia ×3 |
| 19:04 | Crear | Spearman |
| 19:04 | Crear | Spearman |
| 19:52 | Construir | Archery Range |
| 21:31 | Construir | Market |
| 22:17 | Construir | Watch Tower |
| 22:19 | Construir | Watch Tower |
| 24:18 | Construir | Mining Camp |
| 27:01 | Crear | Archer ×5 |
| 27:07 | Crear | Archer |
| 28:06 | Crear | Archer |
| 28:06 | Crear | Archer |
| 28:06 | Crear | Archer |
| 29:38 | Construir | Farm |
| 30:06 | Construir | Farm |
| 30:14 | Crear | Archer ×2 |
| 30:40 | Crear | Archer ×2 |
| 30:51 | Crear | Villager (Male) ×5 |
| 30:52 | Crear | Villager (Male) ×5 |
| 31:17 | Crear | Villager (Male) |
| 33:09 | Crear | Villager (Male) ×5 |
| 33:14 | Crear | Archer |
| 33:16 | Crear | Archer |
| 33:56 | Construir | Lumber Camp |
| 34:23 | Crear | Archer |
Build order — DıscJokey
Primeras 150 de 175 acciones detectadas
| 0:01 | Crear | Villager (Male) |
| 0:01 | Crear | Villager (Male) |
| 0:02 | Crear | Villager (Male) |
| 0:02 | Crear | Villager (Male) |
| 0:02 | Crear | Villager (Male) |
| 0:05 | Construir | House |
| 0:09 | Construir | House |
| 0:29 | Construir | House |
| 0:31 | Construir | House |
| 1:38 | Crear | Villager (Male) |
| 1:39 | Crear | Villager (Male) |
| 1:39 | Crear | Villager (Male) |
| 2:40 | Crear | Villager (Male) |
| 2:42 | Crear | Villager (Male) |
| 2:42 | Crear | Villager (Male) |
| 2:42 | Crear | Villager (Male) |
| 2:42 | Crear | Villager (Male) |
| 2:42 | Crear | Villager (Male) |
| 2:43 | Crear | Villager (Male) |
| 3:15 | Construir | Mill |
| 3:26 | Crear | Villager (Male) |
| 3:26 | Crear | Villager (Male) |
| 3:54 | Crear | Villager (Male) |
| 3:54 | Crear | Villager (Male) |
| 4:44 | Crear | Villager (Male) |
| 4:44 | Crear | Villager (Male) |
| 4:58 | Crear | Villager (Male) |
| 4:58 | Crear | Villager (Male) |
| 5:57 | Crear | Villager (Male) |
| 5:57 | Crear | Villager (Male) |
| 5:58 | Crear | Villager (Male) |
| 5:58 | Crear | Villager (Male) |
| 5:59 | Crear | Villager (Male) |
| 6:00 | Crear | Villager (Male) |
| 6:00 | Crear | Villager (Male) |
| 6:45 | Construir | Lumber Camp |
| 7:24 | Crear | Villager (Male) |
| 7:45 | Construir | House |
| 7:49 | Construir | House |
| 7:54 | Construir | Palisade Wall |
| 8:10 | Investigar | Feudal Age |
| 8:37 | Construir | House |
| 8:39 | Construir | House |
| 8:52 | Construir | Palisade Wall |
| 9:18 | Construir | Mill |
| 9:45 | Construir | House |
| 9:53 | Construir | Palisade Wall |
| 10:20 | Edad | Edad Feudal |
| 10:22 | Crear | Villager (Male) |
| 10:23 | Crear | Villager (Male) |
| 10:40 | Construir | Barracks |
| 10:51 | Crear | Villager (Male) |
| 11:13 | Construir | Blacksmith |
| 11:18 | Construir | Palisade Wall |
| 11:33 | Construir | Farm |
| 11:38 | Crear | Villager (Male) |
| 11:58 | Construir | Palisade Gate |
| 12:03 | Crear | Villager (Male) |
| 12:07 | Construir | Farm |
| 12:29 | Crear | Villager (Male) |
| 12:58 | Construir | Market |
| 13:06 | Crear | Villager (Male) |
| 13:23 | Construir | House |
| 13:34 | Construir | House |
| 13:38 | Construir | House |
| 13:42 | Construir | Palisade Wall |
| 13:48 | Crear | Villager (Male) |
| 14:00 | Construir | Mining Camp |
| 14:18 | Crear | Villager (Male) |
| 14:22 | Construir | Farm |
| 14:25 | Construir | Farm |
| 14:49 | Construir | Mining Camp |
| 15:35 | Investigar | Castle Age |
| 16:20 | Investigar | Stone Mining |
| 16:53 | Investigar | Double-Bit Axe |
| 17:05 | Investigar | Horse Collar |
| 17:54 | Construir | Archery Range |
| 18:03 | Crear | Villager (Male) |
| 18:03 | Crear | Villager (Male) |
| 18:15 | Edad | Edad de los Castillos |
| 18:53 | Construir | Castle |
| 18:58 | Crear | Villager (Male) |
| 18:59 | Crear | Villager (Male) |
| 19:38 | Construir | Town Center |
| 19:52 | Construir | Town Center |
| 20:06 | Investigar | Gold Mining |
| 20:28 | Construir | Farm |
| 21:03 | Crear | Villager (Male) |
| 21:17 | Construir | Farm |
| 21:28 | Construir | Farm |
| 21:30 | Construir | Farm |
| 21:31 | Construir | Farm |
| 21:35 | Construir | Farm |
| 21:53 | Crear | Villager (Male) |
| 21:58 | Crear | Villager (Male) |
| 22:17 | Construir | Siege Workshop |
| 22:32 | Crear | Villager (Male) |
| 22:32 | Crear | Villager (Male) |
| 22:44 | Crear | Scorpion |
| 22:44 | Crear | Scorpion |
| 22:45 | Crear | Scorpion |
| 23:05 | Construir | Town Center |
| 23:24 | Crear | Scorpion |
| 23:25 | Crear | Scorpion |
| 23:46 | Crear | Villager (Male) |
| 23:46 | Crear | Villager (Male) |
| 23:47 | Crear | Villager (Male) |
| 23:51 | Crear | Villager (Male) |
| 23:51 | Crear | Villager (Male) |
| 23:51 | Crear | Villager (Male) |
| 24:59 | Crear | Villager (Male) |
| 24:59 | Crear | Villager (Male) |
| 25:17 | Crear | Scorpion |
| 25:17 | Crear | Scorpion |
| 25:18 | Crear | Scorpion |
| 25:18 | Crear | Scorpion |
| 25:27 | Investigar | Wheelbarrow |
| 25:41 | Crear | Villager (Male) |
| 25:41 | Crear | Villager (Male) |
| 26:00 | Investigar | Fletching |
| 26:29 | Crear | Villager (Male) |
| 26:49 | Crear | Villager (Male) |
| 26:49 | Crear | Villager (Male) |
| 27:57 | Crear | Villager (Male) |
| 27:57 | Crear | Villager (Male) |
| 28:04 | Construir | Farm |
| 28:07 | Construir | Farm |
| 28:16 | Construir | Siege Workshop |
| 28:18 | Construir | Siege Workshop |
| 28:22 | Construir | Siege Workshop |
| 28:33 | Crear | Scorpion |
| 28:34 | Crear | Scorpion |
| 28:39 | Investigar | Padded Archer Armor |
| 28:41 | Investigar | Bodkin Arrow |
| 28:56 | Crear | Villager (Male) |
| 29:52 | Crear | Scorpion |
| 29:52 | Crear | Scorpion |
| 29:57 | Crear | Scorpion |
| 29:58 | Crear | Scorpion |
| 29:58 | Crear | Scorpion |
| 30:31 | Construir | Castle |
| 30:44 | Crear | Scorpion |
| 30:44 | Crear | Scorpion |
| 31:05 | Crear | Scorpion |
| 31:16 | Construir | Mining Camp |
| 31:31 | Crear | Villager (Male) |
| 31:31 | Crear | Villager (Male) |
| 31:31 | Crear | Villager (Male) |
| 31:32 | Crear | Villager (Male) |
| 32:11 | Construir | Monastery |
Cronología de la partida
| 5:47 | ShogunPilo · wall_segment Palisade Wall x19 |
| 7:28 | VlaSky · first_building Barracks |
| 7:54 | DıscJokey · wall_segment Palisade Wall x3 |
| 8:30 | VlaSky · wall_segment Palisade Wall x17 |
| 8:42 | ShogunPilo · first_building Barracks |
| 8:52 | DıscJokey · wall_segment Palisade Wall x11 |
| 8:55 | VlaSky · wall_segment Palisade Wall x10 |
| 9:15 | VlaSky · wall_segment Palisade Wall x11 |
| 9:25 | ShogunPilo · wall_segment Palisade Wall x4 |
| 9:46 | VlaSky · age_up feudal |
| 9:53 | DıscJokey · wall_segment Palisade Wall x7 |
| 10:08 | VlaSky · first_building Archery Range |
| 10:20 | DıscJokey · age_up feudal |
| 10:40 | DıscJokey · first_building Barracks |
| 10:57 | ShogunPilo · wall_segment Palisade Wall x12 |
| 10:59 | VlaSky · wall_segment Palisade Wall x4 |
| 11:14 | VlaSky · wall_segment Palisade Wall x4 |
| 11:18 | VlaSky · wall_segment Palisade Wall x1 |
| 11:18 | DıscJokey · wall_segment Palisade Wall x1 |
| 11:35 | hezarfen6453 · age_up feudal |
| 11:40 | VlaSky · wall_segment Palisade Wall x13 |
| 12:05 | VlaSky · wall_segment Palisade Wall x11 |
| 12:32 | hezarfen6453 · first_building Barracks |
| 13:29 | ShogunPilo · first_building Archery Range |
| 13:34 | ShogunPilo · wall_segment Palisade Wall x1 |
| 13:39 | VlaSky · wall_segment Palisade Wall x22 |
| 13:42 | DıscJokey · wall_segment Palisade Wall x1 |
| 14:08 | DıscJokey · first_market_sell 100 wood |
| 17:33 | ShogunPilo · first_market_buy 100 wood |
| 17:54 | DıscJokey · first_building Archery Range |
| 18:15 | DıscJokey · age_up castle |
| 18:53 | DıscJokey · first_building Castle |
| 19:52 | hezarfen6453 · first_building Archery Range |
| 22:17 | ShogunPilo · first_building Monastery |
| 22:17 | DıscJokey · first_building Siege Workshop |
| 23:21 | VlaSky · age_up castle |
| 24:44 | VlaSky · first_building Siege Workshop |
| 29:25 | ShogunPilo · first_building Castle |
| 31:16 | ShogunPilo · first_building Siege Workshop |
| 31:57 | VlaSky · first_building Castle |
| 32:11 | DıscJokey · first_building Monastery |
| 36:15 | DıscJokey · first_market_buy 100 stone |
| 38:42 | DıscJokey · resign |
[ ANÁLISIS IA · 1 CRÉDITO ]
¿Qué pasó realmente en esta partida?
Wolo.gg analiza cada decisión: build order, eco, micro, errores típicos por bracket. Análisis personalizado por WhatsApp o Discord en 30 segundos.
Guía civ
Incas
Perfil
Jugador #3814352